 Dungeon Crawl Stone Soup version 0.23.0-38-g208d714 (webtiles) character file.

Game seed: 9876953892864182740

2405 MovingMist the Fighter (level 9, -2/60 HPs)
             Began as a Gargoyle Fighter on Feb 27, 2019.
             Was a Believer of Okawaru.
             Slain by an ogre
             ... wielding a +0 giant spiked club
              (7 damage)
             ... on level 7 of the Dungeon.
             The game lasted 00:21:32 (5489 turns).

MovingMist the Fighter (Gargoyle Fighter)           Turns: 5489, Time: 00:21:33

Health: -2/60      AC: 19    Str: 21    XL:     9   Next: 47%
Magic:  9/9        EV:  5    Int:  8    God:    Okawaru [**....]
Gold:   226        SH:  9    Dex: 12    Spells: 8/8 levels left

rFire    . . .     SeeInvis .   e - +3 whip
rCold    . . .     Gourm    .   c - +0 shield
rNeg     + . .     Faith    .   p - +0 plate armour
rPois    ∞         Spirit   .   (no helmet)
rElec    +         Reflect  .   (no cloak)
rCorr    .         Harm     .   (no gloves)
MR       .....                  (no boots)
Stlth    ..........             (no amulet)
HPRegen  0.20/turn              (no ring)
MPRegen  0.11/turn              (no ring)

@: no status effects
A: negative energy resistance 1, electricity resistance, unbreathing,
petrification resistance, rot immunity, AC +6
a: Heroism, Renounce Religion


You were on level 7 of the Dungeon.
You worshipped Okawaru.
Okawaru was pleased with you.
You were not hungry.

You visited 2 branches of the dungeon, and saw 8 of its levels.
You also visited: Ossuary.

You collected 380 gold pieces.
You spent 154 gold pieces at shops.

Inventory:

Hand Weapons
 e - a +3 whip (weapon)
Armour
 c - a +0 shield (worn)
 p - a +0 plate armour (worn)
Jewellery
 h - an uncursed ring of ice
 H - a +4 amulet of reflection {unknown}
Wands
 l - a wand of flame (38)
 A - a wand of polymorph (10)
Scrolls
 a - a scroll of immolation {unknown}
 m - a scroll of enchant weapon {unknown}
 n - 3 scrolls of random uselessness {unknown}
 o - a scroll of magic mapping {unknown}
 q - 7 scrolls of teleportation
 r - 4 scrolls of fear {unknown}
 s - 4 scrolls of amnesia {unknown}
 t - a scroll of enchant armour {unknown}
 v - 4 scrolls of fog {unknown}
 x - 3 scrolls of identify
 y - a scroll of remove curse {unknown}
 D - 2 scrolls of blinking {unknown}
Potions
 b - a potion of agility
 d - 3 potions of might
 g - 6 potions of curing
 i - 2 potions of degeneration {unknown}
 j - 4 potions of mutation {unknown}
 k - 4 potions of cancellation
 u - a potion of berserk rage {unknown}
 w - 2 potions of brilliance {unknown}
 z - 2 potions of flight {unknown}
 B - 3 potions of ambrosia {unknown}
 C - a potion of heal wounds
 E - a potion of lignification {unknown}
 F - a potion of resistance {unknown}
Comestibles
 f - 10 rations


   Skills:
 + Level 8.6 Fighting
 + Level 6.7 Maces & Flails
 + Level 7.8 Armour
 * Level 3.3 Dodging
 - Level 3.2 Shields


You had 8 spell levels left.
You didn't know any spells.
Your spell library contained the following spells:

 Spells                   Type           Power        Failure   Level  Hunger
 Beastly Appendage        Tmut           #.....       100%        1    ##.....
 Sticks to Snakes         Tmut           #.......     100%        2    ###....
 Spider Form              Tmut/Pois      #.........   100%        3    ####...
 Ice Form                 Ice/Tmut       #.......     100%        4    #####..
 Blade Hands              Tmut           #.........   100%        5    ######.


Dungeon Overview and Level Annotations

Branches:
Dungeon (7/15)             Temple (1/1) D:5

Altars:
Ashenzari
Cheibriados
Dithmenos
Elyvilon
Fedhas
Gozag
Makhleb
Nemelex Xobeh
Okawaru
Ru
Sif Muna
Trog
Vehumet
Xom
Yredelemnul
Zin
The Shining One
Lugonu

Shops:
D:4 ?}!


Innate Abilities, Weirdness & Mutations

You are resistant to torment.
Your stone body is resilient. (AC +6)
You are immune to poison.
You resist negative energy. (rN+)
You are resistant to electric shocks. (rElec)
You can survive without breathing.
You are immune to petrification.
You are immune to rotting.


Message History

The bullfrog hits you but does no damage. x2
You closely miss the bullfrog.
The bullfrog is almost dead.
The bullfrog hits you but does no damage.
You hit the bullfrog.
You kill the bullfrog!
Okawaru accepts your kill.
You whack the ogre!
The ogre is moderately wounded.
You block the ogre's attack.
You hit the ogre.
The ogre is heavily wounded.
The ogre hits you with a +0 giant spiked club!!
* * * LOW HITPOINT WARNING * * *
You hit the ogre.
The ogre is severely wounded.
You hit the ogre.
The ogre is almost dead.
The ogre hits you with a +0 giant spiked club!
You die...

#.........†....'####+
#...#.#.#.#.#.#......
#....................
#................(...
#..............._....
+....................
#....oSo.............
#...o#O######....####
#..o #@.# #....# #..
#..# #....+ #.
.########....# #
...........###
#..........#
#..........#
#..........# .#
#.......####..##
+.......#......#


You could see an orc warrior, an ogre, an adder and an orc.

Vanquished Creatures
  Grinder (D:3)
  A hippogriff (D:5)
  Sigmund (D:4)
  A wraith (Ossuary)
  An orc warrior (D:6)
  2 sky beasts (D:5)
  A black bear (D:6)
  A necrophage (D:5)
  An ogre (D:5)
  Blork the orc (D:4)
  3 bullfrogs
  2 howler monkeys
  2 crimson imps (D:3)
  A gnoll shaman (D:5)
  A hound (D:6)
  A human zombie (Ossuary)
  An orc priest (D:4)
  2 centaur skeletons
  An iguana (D:7)
  4 orc wizards
  Terence (D:3)
  Ijyb (D:5)
  4 worker ants
  A hound zombie (D:5)
  3 mummies (Ossuary)
  2 howler monkey skeletons (D:5)
  5 gnolls (D:5)
  5 adders
  2 oozes
  2 adder skeletons
  An adder zombie (D:5)
  2 leopard geckos
  14 orcs
  A ball python (D:1)
  10 bats
  6 giant cockroaches
  7 goblins
  15 hobgoblins
  4 quokkas
  A ball python skeleton (D:4)
  A frilled lizard (D:4)
  A giant cockroach zombie (D:5)
  A gnoll zombie (Ossuary)
  3 goblin zombies (Ossuary)
  2 jackal skeletons (D:5)
  10 kobolds
  5 kobold zombies (Ossuary)
  7 rats
146 creatures vanquished.

Vanquished Creatures (others)
  A goblin zombie (Ossuary)
  A kobold zombie (Ossuary)
2 creatures vanquished.

Grand Total: 148 creatures vanquished

Notes
Turn   | Place    | Note
-------+----------+-------------------------------------------
     0 | D:1      | MovingMist the Gargoyle Fighter began the quest for the
                  | Orb.
     0 | D:1      | Reached XP level 1. HP: 14/14 MP: 1/1
   169 | D:1      | Reached XP level 2. HP: 19/19 MP: 2/2
   407 | D:1      | Reached XP level 3. HP: 23/24 MP: 3/3
   408 | D:1      | Reached skill level 4 in Fighting
   886 | D:2      | Reached XP level 4. HP: 30/30 MP: 4/4
  1251 | D:2      | Found a shadowy altar of Dithmenos.
  1479 | D:2      | Found a deep blue altar of Sif Muna.
  1602 | D:3      | Noticed Terence
  1625 | D:3      | Killed Terence
  1625 | D:3      | Reached XP level 5. HP: 34/34 MP: 5/5
  1678 | D:3      | Reached skill level 5 in Fighting
  1922 | D:3      | Found a burning altar of Makhleb.
  1941 | D:3      | Found a radiant altar of Vehumet.
  2304 | D:3      | Reached XP level 6. HP: 40/40 MP: 6/6
  2411 | D:4      | Found Anwen's Gadget Boutique.
  2424 | D:4      | Noticed Sigmund
  2461 | D:4      | Killed Sigmund
  2461 | D:4      | Reached skill level 6 in Fighting
  2473 | D:4      | Noticed Blork the orc
  2495 | D:4      | Killed Blork the orc
  2495 | D:4      | Reached skill level 5 in Armour
  2495 | D:4      | Reached XP level 7. HP: 22/47 MP: 7/7
  2761 | D:4      | Noticed Grinder
  2798 | D:4      | Found Budommau's Magic Scroll Boutique.
  2809 | D:4      | Bought a scroll of teleportation for 33 gold pieces
  2809 | D:4      | Bought a scroll of teleportation for 33 gold pieces
  2947 | D:4      | Found Wigast's Distillery.
  2955 | D:4      | Bought a potion of heal wounds for 55 gold pieces
  2955 | D:4      | Bought a potion of curing for 33 gold pieces
  2979 | D:4      | Paralysed by Grinder for 2 turns
  2983 | D:4      | Paralysed by something for 5 turns
  3016 | D:3      | Paralysed by Grinder for 5 turns
  3022 | D:3      | Paralysed by Grinder for 5 turns
  3034 | D:3      | Killed Grinder
  3034 | D:3      | Reached skill level 7 in Fighting
  3301 | D:5      | Entered Level 5 of the Dungeon
  3308 | D:5      | Reached XP level 8. HP: 49/53 MP: 8/8
  3344 | D:5      | Found a staircase to the Ecumenical Temple.
  3345 | D:5      | Noticed Ijyb
  3388 | Temple   | Entered the Ecumenical Temple
  3413 | Temple   | Became a worshipper of Warmaster Okawaru
  3600 | D:5      | Killed Ijyb
  3614 | D:5      | Reached skill level 8 in Fighting
  3616 | D:5      | HP: 2/54 [gnoll/+0 whip (4)]
  3622 | D:5      | Reached skill level 5 in Maces & Flails
  3779 | D:5      | Noticed a hippogriff
  3793 | D:5      | Killed a hippogriff
  3885 | D:5      | Reached * piety under Okawaru
  3913 | D:5      | Found a sand-covered staircase.
  3945 | Ossuary  | Entered an ossuary
  3945 | Ossuary  | Noticed a wraith
  3945 | Ossuary  | Noticed a wraith
  3945 | Ossuary  | Noticed a wraith
  3988 | Ossuary  | Reached skill level 1 in Dodging
  4296 | Ossuary  | Noticed a wraith
  4319 | Ossuary  | Killed a wraith
  4319 | Ossuary  | Reached XP level 9. HP: 38/59 MP: 9/9
  4721 | D:6      | Found a bloodstained altar of Trog.
  4773 | D:6      | Found a glowing silver altar of Zin.
  4773 | D:6      | Noticed an angel
  4775 | D:6      | Found a shimmering altar of Xom.
  4796 | D:6      | Reached ** piety under Okawaru
  5453 | D:7      | Found an opulent altar of Gozag.
  5489 | D:7      | Slain by an ogre

Skill      XL: |  1  2  3  4  5  6  7  8  9 |
---------------+----------------------------+-----
Fighting       | 4 5 6 7 8 |  8.6
Armour         | 4 5 7 |  7.8
Maces & Flails | 3 4 6 |  6.7
Dodging        | 1 3 |  3.3
Shields        | |  3.2

Action                   |  1- 3 |  4- 6 |  7- 9 || total
-------------------------+-------+-------+-------++-------
Melee: Flail             |    18 |       |       ||    18
       Whip              |   112 |   218 |   543 ||   873
  Use: Scroll            |       |     3 |     2 ||     5
       Potion            |       |       |     1 ||     1
  Eat: Chunk             |       |     4 |     5 ||     9
       Ration            |       |     1 |     1 ||     2
Armor: Scale mail        |    64 |    19 |       ||    83
       Plate armour      |       |   105 |   355 ||   460
Dodge: Dodged            |    43 |    32 |    75 ||   150
Block: Shield            |    61 |    86 |   234 ||   381
